 Dungeon Crawl Stone Soup version 0.31.0-32-g396128a36d (webtiles) character file.

Game seed: 5791103417223733230

4166 Vecna the Cruncher (level 10, -13/88 (90) HPs)
             Began as a Purple Draconian Berserker on Mar 22, 2024.
             Was an Elder of Trog.
             Shot with an arrow by a centaur warrior (20 damage)
             ... on level 8 of the Dungeon.
             The game lasted 00:16:06 (7514 turns).

Vecna the Cruncher (Purple Draconian Berserker)     Turns: 7514, Time: 00:16:07

HP:   -13/88 (90)   AC:  0    Str: 23    XL:     10   Next: 7%
MP:   1/10          EV: 22    Int:  8    God:    Trog [****..]
Gold: 166           SH:  0    Dex: 16    Spells: 9/9 levels left

rFire   . . .        B - melded +8 dagger "Death Rattle" {freeze, rCorr MP-9 Dex+3}
rCold   . . .        (shield currently unavailable)
rNeg    . . .        (body armour unavailable)
rPois   .            r - melded +2 hat
rElec   .            m - melded +1 cloak
rCorr   .            k - melded +0 pair of gloves
SInv    .            n - melded +0 pair of boots of Fashionability {rElec rCorr}
Will    +....        (no amulet)
Stlth   +++          z - melded ring "Qicatopt" {Wiz Str+2}
HPRegen 0.34/turn    A - melded +4 ring of slaying
MPRegen 0.12/turn

%: no passive effects
@: bat-form, on berserk cooldown, flying, slowed, lightly drained, quick
A: fast, flying, no casting, (breathe power), AC +7, tiny, unfitting armour,
(cold-blooded)
a: Renounce Religion, Berserk, Trog's Hand, Brothers in Arms


You were on level 8 of the Dungeon.
You worshipped Trog.
Trog was greatly pleased with you.
You were a bat.
You visited 1 branch of the dungeon, and saw 8 of its levels.

You collected 166 gold pieces.

Inventory:

Hand Weapons
 a - a +0 spear
 B - the +8 dagger "Death Rattle" (melded) {freeze, rCorr MP-9 Dex+3}
   (You found it on level 6 of the Dungeon)

   Dex+3:     It affects your dexterity (+3).
   MP-9:      It affects your magic capacity (-9).
   rCorr:     It protects you from acid and corrosion.
Armour
 k - a +0 pair of gloves (melded)
 m - a +1 cloak (melded)
 n - the +0 pair of boots of Fashionability (melded) {rElec rCorr}
   (You found it on level 4 of the Dungeon)

   rElec:     It insulates you from electricity.
   rCorr:     It protects you from acid and corrosion.
 r - a +2 hat (melded)
Jewellery
 f - an amulet of magic regeneration
 p - a ring of willpower
 z - the ring "Qicatopt" (melded) {Wiz Str+2}
   (You found it on level 6 of the Dungeon)

   [ring of wizardry]

   Wiz:       It improves your spell success rate.
   Str+2:     It affects your strength (+2).
 A - a +4 ring of slaying (melded)
Wands
 u - a wand of roots (4)
 y - a wand of charming (11)
Scrolls
 s - a scroll of fear
 w - a scroll of blinking
 C - a scroll of identify
 D - 4 scrolls of immolation
Potions
 b - a potion of ambrosia {unknown}
 c - a potion of curing {unknown}
 d - a potion of berserk rage
 e - a potion of mutation {unknown}
 g - a potion of lignification {unknown}
 h - 3 potions of attraction
 i - a potion of invisibility {unknown}
 j - 3 potions of brilliance
 o - a potion of might {unknown}
 q - 3 potions of heal wounds {unknown}
 v - a potion of haste {unknown}
 x - a potion of resistance {unknown}


   Skills:
 * Level 8.4 Fighting
 + Level 2.4 Short Blades
 + Level 7.0(8.9) Polearms
 + Level 8.5(9.6) Staves
 + Level 5.4 Dodging
 + Level 3.8 Stealth


You had 9 spell levels left.
You didn't know any spells.
Your spell library was empty.

Dungeon Overview and Level Annotations

Branches:
Dungeon (8/15)             Temple (0/1) D:7            Lair (0/5) D:8

Altars:
Ashenzari
Elyvilon
Gozag
Nemelex Xobeh
Vehumet
Yredelemnul

Shops:
D:3 [=([   D:7 :   D:8 *

Annotations:
D:8 Maurice


Innate Abilities, Weirdness & Mutations

You are a bat.
You are tiny and dextrous.
You move quickly.
You are flying.
Your equipment is almost entirely melded.
You are incapable of wielding weapons or throwing items.
You cannot cast spells.
((You can breathe bolts of dispelling energy.))
((Your rich purple scales are hard. (AC +7)))
You cannot fit into any form of body armour.
((You are cold-blooded and may be slowed by cold attacks.))


Message History

A red film seems to cover your vision as you go berserk!
You feel yourself moving faster!
You feel mighty! Trog will no longer gift you weapons.
The orc zaps a wand.
The roots erupt in riotous growth!
The grasping roots grab you! The grasping roots constrict you.
Maurice mumbles some strange words.
Maurice blinks!
You hear a shout! x3
You escape the roots grasp.
You feel a strong urge to attack something.
You hear a shout!
The orc zaps a wand.
The roots erupt in riotous growth!
The grasping roots grab you!
The orc is unaffected.
The grasping roots constrict you.
Things that are here:
a +0 dagger; a +0 robe; an orc corpse You escape the roots grasp.
You feel your anger nearly subside.
You are no longer berserk.
You are exhausted.
You feel yourself slow down. The orc hits you with a +0 hand axe.
* * * LOW HITPOINT WARNING * * *
You completely miss the orc. The orc completely misses you.
The orc hits you with a +0 hand axe!
* * * LOW HITPOINT WARNING * * *
You hit the orc.
The orc is heavily wounded.
A centaur warrior comes into view.
The orc zaps a wand.
The roots erupt in riotous growth!
The grasping roots grab you!
The orc is unaffected.
The grasping roots constrict you.
* * * LOW HITPOINT WARNING * * *
You escape the roots grasp.
The centaur warrior wields a +0 shortbow.
The centaur warrior shoots an arrow.
The arrow hits you!
* * * LOW HITPOINT WARNING * * *
The centaur warrior shoots an arrow.
The arrow hits you!!
You die...

..# ...# ...# ...#
...# ...# ...# #####
...# .....########.#
...########fc...b...#
#........?.)o.......#
............#########
#############


You could see Maurice, a centaur warrior and an orc.

Vanquished Creatures
  Pikel (D:6)
  Joseph (D:7)
  A komodo dragon (D:7)
  Edmund (D:5)
  Duvessa (D:5)
  2 orc warriors
  2 ice beasts
  2 sky beasts
  2 ogres
  A centaur (D:5)
  A lemure (D:6)
  5 kobold brigands
  2 bullfrogs
  3 scorpions
  5 wights (D:8)
  Dowan (D:5)
  2 killer bees (D:6)
  A howler monkey (D:4)
  Crazy Yiuf (D:2)
  2 bombardier beetles (D:4)
  7 hounds
  A gnoll bouda (D:7)
  5 orc priests
  An iguana (D:6)
  3 sleepcaps
  9 orc wizards
  A hound zombie (D:3)
  Robin (D:4)
  5 gnolls (D:7)
  6 adders
  2 shadow imps
  2 white imps
  2 ufetubi (D:5)
  A dart slug (D:1)
  19 orcs
  7 endoplasms
  4 giant cockroaches
  13 goblins
  10 hobgoblins
  4 quokkas
  4 ball pythons
  5 bats
  A frilled lizard (D:1)
  A jackal zombie (D:3)
  24 kobolds
  8 rats
183 creatures vanquished.

Notes
Turn   | Place    | Note
-------+----------+-------------------------------------------
     0 | D:1      | Vecna the Draconian Berserker began the quest for the Orb.
     0 | D:1      | Reached XP level 1. HP: 19/19 MP: 1/1
   166 | D:1      | Reached XP level 2. HP: 26/26 MP: 2/2
   309 | D:1      | Reached XP level 3. HP: 33/33 MP: 3/3
   401 | D:1      | Reached ** piety under Trog
   423 | D:1      | You fall into a shaft and drop 1 floor!
  1005 | D:2      | Reached XP level 4. HP: 15/40 MP: 4/4
  1351 | D:2      | Found a runed translucent door.
  1352 | D:2      | Noticed Crazy Yiuf
  1359 | D:2      | Killed Crazy Yiuf
  1532 | D:3      | Found Ovvuodahug's Antique Armour Emporium.
  1824 | D:3      | Found Wisextu's Jewellery Emporium.
  1851 | D:3      | Found a faded altar of an unknown god.
  1964 | D:3      | Reached XP level 5. HP: 19/46 MP: 5/5
  2071 | D:3      | Found Noeguit's Weapon Shoppe.
  2197 | D:3      | Found Motan's Antique Armour Emporium.
  2463 | D:3      | Found a basalt altar of Yredelemnul.
  2578 | D:4      | Identified the +0 pair of boots of Fashionability {rElec
                  | rCorr}
  2670 | D:4      | Noticed Robin
  2685 | D:4      | Killed Robin
  2686 | D:4      | Reached skill level 1 in Stealth
  2751 | D:4      | Reached skill level 5 in Polearms
  2751 | D:4      | Reached skill level 1 in Staves
  2760 | D:4      | Reached XP level 6. HP: 37/53 MP: 6/6
  2781 | D:4      | Reached *** piety under Trog
  3343 | D:5      | Entered Level 5 of the Dungeon
  3400 | D:4      | Reached skill level 5 in Fighting
  3400 | D:4      | Your scales start taking on a rich purple colour.
  3400 | D:4      | Reached XP level 7. HP: 55/61 MP: 7/7
  3890 | D:5      | Noticed Edmund
  3900 | D:5      | Killed Edmund
  3934 | D:5      | Reached skill level 5 in Staves
  3934 | D:5      | Reached XP level 8. HP: 57/70 MP: 8/8
  4318 | D:5      | Noticed Duvessa
  4319 | D:5      | Noticed Dowan
  4329 | D:5      | Killed Duvessa
  4335 | D:5      | Killed Dowan
  4739 | D:6      | Found a sparkling altar of Nemelex Xobeh.
  5016 | D:6      | Noticed Pikel
  5037 | D:6      | Killed Pikel
  5079 | D:6      | Reached XP level 9. HP: 78/78 MP: 9/9
  5115 | D:6      | Reached **** piety under Trog
  5194 | D:6      | Identified the ring "Qicatopt" {Wiz Str+2}
  5205 | D:6      | Identified the +8 dagger "Death Rattle" {freeze, rCorr MP-9
                  | Dex+3}
  5604 | D:7      | Found a white marble altar of Elyvilon.
  5811 | D:7      | Found a radiant altar of Vehumet.
  5820 | D:7      | Noticed Joseph
  5831 | D:7      | Killed Joseph
  5932 | D:7      | Found an opulent altar of Gozag.
  6175 | D:7      | Noticed a komodo dragon
  6190 | D:7      | Killed a komodo dragon
  6191 | D:7      | Reached skill level 1 in Short Blades
  6329 | D:7      | Reached skill level 5 in Dodging
  6362 | D:7      | Found Macolof's Self-Improvement Boutique.
  6398 | D:7      | Found a broken altar of Ashenzari.
  6509 | D:7      | Found a staircase to the Ecumenical Temple.
  7095 | D:8      | Reached XP level 10. HP: 75/88 MP: 1/10
  7305 | D:8      | Found Seocayde's Hallowed Reliquary.
  7305 | D:8      | Noticed an angel
  7386 | D:8      | Found a staircase to the Lair.
  7480 | D:8      | Noticed Maurice
  7485 | D:8      | Reached ***** piety under Trog
  7488 | D:8      | Maurice stole a serpent talisman
  7490 | D:8      | Maurice stole a ring of fire
  7499 | D:8      | Maurice stole a +5 quarterstaff of chaos
  7500 | D:8      | Maurice stole 323 gold
  7511 | D:8      | Noticed a centaur warrior
  7514 | D:8      | Shot with an arrow by a centaur warrior

Illustrated notes

Levels and vault maps discovered:
D:1:      lemuel_arrival_tunnels, layout_basic, minmay_surrounded
D:2:      layout_loops_ring, uniq_crazy_yiuf_cottage
D:3:      layout_loops_corners, lemuel_zombie_altar_yredelemnul,
          shapermc_ecumenical_altar_totnotflames, serial_shops, shop, shop,
          shop, shop, minmay_misc_feat_nine_boxes, nicolae_underground_beach
D:4:      layout_basic, uniq_robin
D:5:      layout_loops_corners, chequers_serial_rivers_micro_a,
          grunt_ministairs_10, nrook_mini_backslash, kb_lookout_dungeons_type,
          uniq_duvessa, uniq_edmund
D:6:      lemuel_ice_spiral_2, layout_rooms, nicolae_overflow_crystal_walls,
          amcnicky_mini_pool_small, corner_web_ring, grunt_ministairs_4,
          minmay_misc_feat_cross, minmay_misc_feat_doors, st_stairs_10,
          uniq_pikel
D:7:      layout_basic, mainiacjoe_overflow_six_doors_small,
          amcnicky_altar_gilded, nicolae_ashenzari_skybound, lemuel_round_altar,
          temple_fountains, nicolae_shop_self_help, uniq_joseph
D:8:      minmay_distorted_concentric_squares, layout_rooms, lair_entry_dummy,
          nicolae_good_shop, uniq_gastronok, uniq_maurice

Skill      XL: |  1  2  3  4  5  6  7  8  9 |
---------------+----------------------------+-----
Dodging        | 3 4 5 |  5.4
Fighting       | 4 5 6 8 |  8.4
Polearms       | 4 5 6 7 |  7.0
Stealth        | 1 2 3 |  3.8
Staves         | 1 3 5 7 8 |  8.5
Short Blades   | 2 |  2.4

Action                     |  1- 3 |  4- 6 |  7- 9 | 10-12 || total
---------------------------+-------+-------+-------+-------++-------
  Melee: Spear             |   139 |    14 |       |       ||   153
         Tailslap          |    10 |    14 |    38 |     2 ||    64
         Punch             |     1 |       |     1 |       ||     2
         Quarterstaff      |       |   104 |   132 |       ||   236
         Dagger            |       |       |   109 |    22 ||   131
         Unarmed           |       |       |       |    17 ||    17
 Invoke: Berserk           |       |     3 |     5 |     1 ||     9
    Use: Scroll            |     1 |    10 |     5 |       ||    16
   Stab: Sleeping          |     2 |     1 |     3 |       ||     6
         Paralysed         |       |       |     1 |       ||     1
 Armour: Skin              |    57 |    58 |   169 |    31 ||   315
  Dodge: Dodged            |    69 |    56 |   138 |    33 ||   296
